 Dungeon Crawl Stone Soup version 0.17-a0-1650-gce8475a (webtiles) character file.

3159 urechis the Frost Mage (level 9, -2/67 HPs)
             Began as a Merfolk Ice Elementalist on Aug 13, 2015.
             Was an Initiate of Yredelemnul.
             Slain by Erica
             ... wielding a +2 scimitar of flaming
              (8 damage)
             ... on level 8 of the Dungeon.
             The game lasted 00:32:27 (10369 turns).

urechis the Frost Mage (Merfolk Ice Elementalist)  Turns: 10369, Time: 00:32:29

Health: -2/67      AC:  6    Str:  9      XL:     9   Next: 94%
Magic:  5/16       EV: 13    Int: 14      God:    Yredelemnul [......]
Gold:   528        SH:  6    Dex: 15 (17) Spells: 4 memorised, 6 levels left

rFire  . . .     SeeInvis .     i - +0 spear
rCold  . . .     Clarity  .     z - +2 robe
rNeg   . . .     SustAt   .     (no shield)
rPois  .         Gourm    +     t - +0 helmet
rElec  .         Spirit   .     (no cloak)
rCorr  .         Warding  .     (no gloves)
rMut   .         Stasis   .     (no boots)
MR     .....                    n - amulet of the gourmand
Stlth  ++........               (no ring)
                                D - +1 ring of protection

@: icy shield, not resistant to hostile enchantments, unstealthy
A: change form in water, swift swim
a: Renounce Religion


You were on level 8 of the Dungeon.
You worshipped Yredelemnul.
Yredelemnul was noncommittal.
You were full.

You visited 2 branches of the dungeon, and saw 9 of its levels.

You collected 561 gold pieces.
You spent 33 gold pieces at shops.

Inventory:

Hand weapons
 d - the +7 falchion of Extinguishment {flame, Int+5}
   (You found it on level 6 of the Dungeon)

   It has been specially enchanted to burn those struck by it, causing extra
   injury to most foes and up to half again as much damage against particularly
   susceptible opponents.
   Big, fiery blades are also staple armaments of hydra-hunters.
   It affects your intelligence (+5).
 i - a +0 spear (weapon)
Armour
 t - a +0 helmet (worn)
 z - a +2 robe (worn)
Jewellery
 n - an amulet of the gourmand (around neck)
 D - a +1 ring of protection (left hand)
Scrolls
 f - 11 scrolls of identify {unknown}
 g - 2 scrolls of amnesia {unknown}
 h - 2 scrolls of immolation {unknown}
 k - 2 scrolls of fear {unknown}
 o - a scroll of magic mapping {unknown}
 p - a scroll of teleportation {unknown}
 v - 4 scrolls of fog {unknown}
 y - a scroll of enchant armour {unknown}
 B - a scroll of random uselessness {unknown}
 C - a scroll of vulnerability {unknown}
 F - a scroll of remove curse {unknown}
Potions
 e - a potion of cure mutation {unknown}
 l - 3 potions of agility {unknown}
 q - a potion of resistance {unknown}
 r - a potion of heal wounds
 s - a potion of ambrosia {unknown}
 w - a potion of haste {unknown}
 A - a potion of magic {unknown}
Books
 b - a book of Frost

   Spells                             Type                      Level
   a - Freeze                         Ice                          1
   b - Throw Frost                    Conjuration/Ice              2
   c - Ozocubu's Armour               Charms/Ice                   3
   d - Throw Icicle                   Conjuration/Ice              4
   e - Summon Ice Beast               Ice/Summoning                4
   f - Condensation Shield            Ice                          4
Comestibles
 a - 2 fruits
 c - 8 bread rations
 j - 10 slices of pizza
 m - 3 royal jellies
 u - 2 meat rations
 E - 3 beef jerkies


   Skills:
 + Level 4.8 Fighting
 * Level 9.3 Polearms
 - Level 2.6 Dodging
 - Level 2.1 Stealth
 - Level 5.0 Spellcasting
 - Level 0.7 Conjurations
 - Level 11.0 Ice Magic


You had 6 spell levels left.
You knew the following spells:

 Your Spells              Type           Power        Failure   Level  Hunger
a - Freeze                Ice            ####         1%          1    None
b - Ozocubu's Armour      Chrm/Ice       ###.....     8%          3    ###....
c - Condensation Shield   Ice            ####......   1%          4    ####...
d - Throw Icicle          Conj/Ice       ###.....     17%         4    ####...


Dungeon Overview and Level Annotations

Branches:
Dungeon (8/15)             Temple (1/1) D:6
   Lair: D:8-11

Altars:
Ashenzari
Cheibriados
Dithmenos
Fedhas
Gozag
Kikubaaqudgha
Makhleb
Nemelex Xobeh
Okawaru
Qazlal
Ru
Sif Muna
Trog
Vehumet
Xom
Yredelemnul
Zin
The Shining One

Shops:
D:4 !   D:5 :   D:6 (

Annotations:
D:7 Pikel
D:8 Erica


Message History

Reactivating autopickup.
Erica casts a spell at you. The bolt of poison hits you!
You are poisoned.
Drink which item? (? for menu, Esc to quit)
You feel better.
Erica hits you with a scimitar of flaming!
Erica burns you.
Casting: Freeze
Confirm with . or Enter, or press ? or * to list all spells.
Aiming: Freeze
Press: ? - help, Shift-Dir - straight line, f/p - Erica
Aim: Erica, wielding a scimitar of flaming and wearing a glowing robe (moderately wounded)
You freeze Erica.
Erica completely resists.
Erica is moderately wounded.
Erica hits you with a scimitar of flaming!
* * * LOW HITPOINT WARNING * * *
Erica burns you!
You die...
Your body rises from the dead as a mindless zombie.

..... #<# ........###
#.###### ..........#
#......# ..........#
######.# .........#
#.# ...)....# #.#
######.....########.#
....>......'....(...#
#....)@..##########
#....@#### #...Y.#
#.....# #.....#
#....)# .......#
.........
.....#+#####


You could see Erica and a sky beast.

Vanquished Creatures
  Sigmund (D:5)
  The ghost of bohran the Digger, an average GrEE (D:4)
  A human (D:7)
  Edmund (D:5)
  The ghost of Gorice the Sneak, an average SpWn (D:3)
  3 sky beasts
  2 slaves (D:7)
  A black bear (D:4)
  An eye of draining (D:7)
  An orc warrior (D:7)
  An ice beast (D:5)
  A phantom (D:8)
  A necrophage (D:7)
  An ogre (D:7)
  A centaur (D:5)
  3 giant frogs
  2 scorpions
  3 killer bees (D:7)
  A centaur zombie (D:5)
  3 jellies
  3 orc priests
  Ijyb (D:2)
  5 hounds
  A quasit (D:7)
  2 orc wizards
  5 worker ants
  An iguana (D:4)
  4 sheep (D:7)
  A hound zombie (D:6)
  A worker ant zombie (D:6)
  Robin (D:3)
  7 adders
  7 gnolls
  3 shadow imps
  3 adder zombies
  2 adder skeletons
  2 worms
  6 giant geckos
  29 orcs
  10 bats
  2 bat zombies (D:3)
  18 goblins
  10 hobgoblins
  6 jackals
  4 quokkas
  2 ball pythons
  8 giant cockroaches
  2 giant gecko skeletons
  A giant newt (D:1)
  10 kobolds
  37 rats
  5 rat zombies (D:3)
229 creatures vanquished.

Notes
Turn   | Place    | Note
--------------------------------------------------------------
     0 | D:1      | urechis the Merfolk Ice Elementalist began the quest for the Orb.
     0 | D:1      | Reached XP level 1. HP: 13/13 MP: 3/3
   521 | D:1      | Reached XP level 2. HP: 19/19 MP: 5/5
   821 | D:1      | Reached skill level 4 in Ice Magic
  1196 | D:2      | Reached XP level 3. HP: 24/24 MP: 4/6
  1271 | D:2      | Found a sacrificial altar of Ru.
  1277 | D:2      | Found a stormy altar of Qazlal.
  1283 | D:2      | Found a glowing silver altar of Zin.
  1765 | D:2      | Reached XP level 4. HP: 22/30 MP: 8/8
  1773 | D:2      | Learned a level 3 spell: Ozocubu's Armour
  2465 | D:3      | Noticed Ijyb
  2551 | D:2      | Killed Ijyb
  2551 | D:2      | Reached skill level 5 in Ice Magic
  2551 | D:2      | Reached XP level 5. HP: 14/35 MP: 5/10
  2801 | D:3      | Learned a level 4 spell: Condensation Shield
  2896 | D:3      | Noticed Gorice's ghost (average SpWn)
  3067 | D:3      | Killed Gorice's ghost
  3067 | D:3      | Reached XP level 6. HP: 15/41 MP: 0/12
  3404 | D:3      | Noticed Robin
  3412 | D:3      | Killed Robin
  3522 | D:3      | Reached skill level 6 in Ice Magic
  3538 | D:3      | Found a shadowy altar of Dithmenos.
  3592 | D:3      | Found an ancient bone altar of Kikubaaqudgha.
  3922 | D:4      | Noticed bohran's ghost (average GrEE)
  3948 | D:4      | Killed bohran's ghost
  3948 | D:4      | Reached skill level 5 in Spellcasting
  3948 | D:4      | Reached XP level 7. HP: 38/46 MP: 0/14
  4084 | D:4      | Reached skill level 7 in Ice Magic
  4231 | D:4      | Found a burning altar of Makhleb.
  4317 | D:4      | Found Giruph's Distillery.
  4325 | D:4      | Bought a potion of curing for 33 gold pieces
  4746 | D:4      | Found an iron altar of Okawaru.
  5008 | D:4      | Reached skill level 8 in Ice Magic
  5574 | D:4      | Reached XP level 8. HP: 52/52 MP: 12/15
  5742 | D:5      | Entered Level 5 of the Dungeon
  5742 | D:5      | Noticed Sigmund
  5759 | D:5      | Killed Sigmund
  5759 | D:5      | Reached skill level 9 in Ice Magic
  6163 | D:5      | Noticed Edmund
  6188 | D:5      | Killed Edmund
  6188 | D:5      | Reached skill level 10 in Ice Magic
  6650 | D:5      | Found Tobliock's Book Boutique.
  6932 | D:5      | Learned a level 4 spell: Throw Icicle
  7067 | D:5      | Reached skill level 1 in Polearms
  7083 | D:5      | Got a distressingly furry robe
  7094 | D:5      | Identified the +2 robe of the Eight Boll Weevils {+Inv +Fly rElec Int-5} (You found it on level 5 of the Dungeon)
  7223 | D:5      | Reached XP level 9. HP: 58/58 MP: 9/16
  7361 | D:6      | Reached skill level 1 in Fighting
  7394 | D:6      | Reached skill level 11 in Ice Magic
  7520 | D:6      | Found a staircase to the Ecumenical Temple.
  7526 | Temple   | Entered the Ecumenical Temple
  7717 | Temple   | Became a worshipper of Yredelemnul the Dark
  7934 | D:6      | Found a radiant altar of Vehumet.
  7975 | D:6      | Found Qialyisi's Weapon Shop.
  7990 | D:6      | Got a shimmering falchion
  7991 | D:6      | Identified the +7 falchion of Extinguishment {flame, Int+5} (You found it on level 6 of the Dungeon)
  8298 | D:6      | Found a sparkling altar of Nemelex Xobeh.
  8404 | D:6      | Found an opulent altar of Gozag.
  8480 | D:7      | Reached skill level 5 in Polearms
  9120 | D:7      | Noticed Pikel
 10352 | D:8      | Noticed Erica
 10369 | D:8      | Slain by Erica

Vault maps used:
D:1:      minmay_arrival_hallway
D:2:      gammafunk_temple_overflow_forgotten, minmay_rats_cheesy_pizza
D:3:      grunt_dithmenos_smoke, lemuel_zombie_altar_kikubaaqudgha, uniq_iyjb,
          uniq_robin
D:4:      makhleb_grotto_becter, nicolae_overflow_hidden_temple, serial_shops,
          shop_fountains, first_bread
D:5:      serial_shops, shop, uniq_edmund, uniq_sigmund
D:6:      nicolae_overflow_crystal_walls, kennysheep_mini_moat,
          lemuel_round_altar, minmay_temple_entry_hall, serial_shops,
          nicolae_shop_behind_doors
D:7:      grunt_livestock, minmay_misc_feat_plants, uniq_pikel
D:8:      elyvilon_altar_5, uniq_prince_ribbit1, uniq_erica
Temple:   jpeg_temple_alley_garden_8

Action                   |  1- 3 |  4- 6 |  7- 9 || total
-------------------------+-------+-------+-------++-------
Melee: Club              |    11 |       |       ||    11
       Short sword       |    24 |       |       ||    24
       Spear             |    45 |   239 |   445 ||   729
 Cast: Freeze            |    49 |    77 |   233 ||   359
       Ozocubu's Armour  |       |     4 |    23 ||    27
       Condensation Shie |       |     1 |    13 ||    14
       Throw Icicle      |       |       |     3 ||     3
  Use: Potion            |       |     1 |     1 ||     2
 Stab: Sleeping          |     5 |     6 |     5 ||    16
       Distracted        |       |       |     1 ||     1
  Eat: Chunk             |     3 |    19 |    25 ||    47
